 Dungeon Crawl Stone Soup version 0.31-a0-221-gbddc013574 (webtiles) character file.

Game seed: 6197518458875474053

277 qw the Shooter (level 6, -5/51 HPs)
             Began as a Minotaur Hexslinger on July 4, 2023.
             Was an Initiate of Okawaru.
             Slain by an orc warrior
             ... wielding a +0 scimitar
              (13 damage)
             ... on level 4 of the Dungeon.
             The game lasted 00:01:13 (2335 turns).

qw the Shooter (Minotaur Hexslinger)                Turns: 2335, Time: 00:01:14

Health: -5/51      AC:  6    Str: 13    XL:     6   Next: 4%
Magic:  2/2        EV: 11    Int:  8    God:    Okawaru [......]
Gold:   328        SH:  0    Dex: 23    Spells: 6/7 levels left

rFire   . . .        l - +0 sling (antimagic)
rCold   . . .        (no shield)
rNeg    + + .        f - +0 ring mail
rPois   .            g - +1 hat
rElec   .            (no cloak)
rCorr   +            (no gloves)
SInv    .            (no boots)
Will    .....        a - amulet of regeneration
Stlth   +            b - ring "Mulil" {rN++ rCorr Int-2 Dex+9 Slay-2}
HPRegen 1.08/turn    (no ring)
MPRegen 0.08/turn

%: no passive effects
@: no status effects
A: horns 2, retaliatory headbutt
a: Renounce Religion


You were on level 4 of the Dungeon.
You worshipped Okawaru.
Okawaru was noncommittal.
You visited 1 branch of the dungeon, and saw 4 of its levels.

You collected 328 gold pieces.


Innate Abilities, Weirdness & Mutations

You have a pair of horns on your head.
You reflexively headbutt those who attack you in melee.


   Skills:
 + Level 3.6 Fighting
 - Level 6.0 Ranged Weapons
 - Level 1.3 Armour
 - Level 2.1 Dodging
 - Level 1.0 Spellcasting
 - Level 2.0 Hexes


You had 6 spell levels left.
You knew the following spells:

 Your Spells              Type           Power      Damage    Failure   Level
a - Slow                  Hex            12%        N/A       36%         1

Your spell library contained the following spells:

 Spells                   Type           Power      Damage    Failure   Level
 Inner Flame              Hex/Fire       2%         N/A       86%         3
 Portal Projectile        Hex/Tloc       4%         N/A       86%         3
 Cause Fear               Hex            1%         N/A       98%         4

Inventory:

Hand Weapons
 l - a +0 antimagic sling (weapon)
Armour
 f - a +0 ring mail (worn)
 g - a +1 hat (worn)
Jewellery
 a - an amulet of regeneration (around neck)
 b - the ring "Mulil" (left hand) {rN++ rCorr Int-2 Dex+9 Slay-2}
   (You acquired it on level 2 of the Dungeon)

   [ring of resist corrosion]

   Int:       It affects your intelligence (-2).
   Dex:       It affects your dexterity (+9).
   Slay:      It affects your accuracy & damage with ranged weapons and melee
   (-2).
   rN:        It greatly protects you from negative energy.
   rCorr:     It protects you from acid and corrosion.
 j - a +6 ring of dexterity
Scrolls
 m - a scroll of identify
Potions
 c - a potion of cancellation {unknown}
 d - a potion of lignification {unknown}
 e - a potion of berserk rage {unknown}
 h - a potion of haste
 i - a potion of attraction {unknown}
 k - a potion of mutation {unknown}
 n - a potion of curing

Dungeon Overview and Level Annotations

Branches:
Dungeon (4/15)
 Temple: D:4-7

Altars:
Okawaru

Shops:
D:2 =


Message History

You headbutt the orc warrior, but do no damage.
You shoot a sling bullet.
The sling bullet barely misses the orc warrior.
The orc warrior hits you with a +0 scimitar! x2
You shoot a sling bullet. The sling bullet hits the orc warrior.
The orc warrior is severely wounded.
The orc warrior closely misses you.
You shoot a sling bullet.
The sling bullet hits the orc warrior but does no damage.
The orc warrior is severely wounded.
The orc warrior closely misses you.
You shoot a sling bullet.
The sling bullet closely misses the orc warrior.
The orc warrior hits you with a +0 scimitar!
You shoot a sling bullet.
The sling bullet hits the orc warrior but does no damage.
The orc warrior is severely wounded.
The orc warrior hits you but does no damage.
You shoot a sling bullet.
The sling bullet hits the orc warrior but does no damage.
The orc warrior is severely wounded.
The orc warrior hits you with a +0 scimitar. x2
2331 ||| DRINKING potion of heal wounds.
You feel much better.
The orc warrior hits you with a +0 scimitar.
You shoot a sling bullet.
The sling bullet hits the orc warrior but does no damage.
The orc warrior is severely wounded.
The orc warrior hits you with a +0 scimitar!
You shoot a sling bullet. The sling bullet hits the orc warrior.
The orc warrior is almost dead.
The orc warrior hits you with a +0 scimitar.
You shoot a sling bullet.
The sling bullet closely misses the orc warrior.
The orc warrior hits you with a +0 scimitar.
You shoot a sling bullet.
The sling bullet hits the orc warrior but does no damage.
The orc warrior is almost dead.
The orc warrior hits you with a +0 scimitar!
You die...

#. #)#.#### # ##.## #..#
# ##...## ##'## #
##.....## ##...## #
#....... ##.....##
###.....#####.......##
##.........##.........##
.........>..%.........+.
.###.@o#.##.........##
##.##.###.......##
#..##.# ##.....##
#.###.# ##...## .. ..#
##+## ##. ### #.# #. #.#
.. #####.## .......##


You could see an orc warrior.

Vanquished Creatures
  A scorpion (D:4)
  Jessica (D:3)
  Ijyb (D:3)
  Robin (D:3)
  7 adders
  2 dart slugs (D:1)
  5 bats
  10 endoplasms
  A giant cockroach (D:2)
  19 goblins
  11 hobgoblins
  6 kobolds
  4 quokkas
  6 ball pythons
  5 frilled lizards
  6 rats
86 creatures vanquished.

Notes
Turn   | Place    | Note
-------+----------+-------------------------------------------
     0 | D:1      | qw the Minotaur Hexslinger began the quest for the Orb.
     0 | D:1      | Reached XP level 1. HP: 16/16 MP: 1/1
     0 | D:1      | 0 ||| qw: Version: 0.3-a-41-g9d075ac
     0 | D:1      | 0 ||| qw: Game counter: 722
     0 | D:1      | 0 ||| qw: Melee chars always use a shield: true
     0 | D:1      | 0 ||| qw: God list: Okawaru
     0 | D:1      | 0 ||| qw: Allow faded altars: false
     0 | D:1      | 0 ||| qw: Do Orc after clearing Dungeon:15 true
     0 | D:1      | 0 ||| qw: Do second Lair branch before Depths: true
     0 | D:1      | 0 ||| qw: Lair rune preference: random
     0 | D:1      | 0 ||| qw: Goals: Normal
     0 | D:1      | 0 ||| PLANNING D:1-11
    46 | D:1      | 46 ||| FLEEEEING.
   101 | D:1      | Reached skill level 3 in Ranged Weapons
   101 | D:1      | Reached XP level 2. HP: 23/23 MP: 2/2
   341 | D:1      | Reached XP level 3. HP: 29/29 MP: 3/3
   600 | D:1      | Reached skill level 4 in Ranged Weapons
   639 | D:1      | 639 ||| UPGRADING to +1 hat.
   644 | D:1      | 644 ||| READING scroll labelled BEIVIQ SOHUX.
   645 | D:1      | 645 ||| READING scroll labelled GIMUP CUNWEULANI.
   746 | D:1      | 746 ||| DROPPING scroll of poison.
   800 | D:2      | 800 ||| STAIRDANCE
  1025 | D:2      | Reached XP level 4. HP: 23/36 MP: 4/4
  1278 | D:2      | Found Sosies's Jewellery Emporium.
  1287 | D:2      | 1287 ||| SHOPLISTING +4 ring of protection (360 gold, have
                  | 148).
  1287 | D:2      | 1287 ||| SHOPLISTING +5 ring of evasion (360 gold, have
                  | 148).
  1287 | D:2      | 1287 ||| SHOPLISTING +6 ring of dexterity (360 gold, have
                  | 148).
  1287 | D:2      | 1287 ||| SHOPLISTING ring of protection from cold (250
                  | gold, have 148).
  1287 | D:2      | 1287 ||| SHOPLISTING ring of see invisible (150 gold, have
                  | 148).
  1287 | D:2      | 1287 ||| SHOPLISTING ring of willpower (250 gold, have
                  | 148).
  1387 | D:2      | 1387 ||| UPGRADING to +0 leather armour.
  1397 | D:2      | 1397 ||| DROPPING +0 robe.
  1398 | D:2      | 1398 ||| UPGRADING to amulet of regeneration.
  1403 | D:2      | 1403 ||| READING scroll labelled PUTRAL BOAWN.
  1403 | D:2      | Identified a scroll of acquirement
  1403 | D:2      | 1403 ||| ACQUIRING ring "Mulil" {rN++ rCorr Int-2 Dex+9
                  | Slay-2}
  1403 | D:2      | Acquired the ring "Mulil" {rN++ rCorr Int-2 Dex+9 Slay-2}
  1405 | D:2      | 1405 ||| UPGRADING to ring "Mulil" {rN++ rCorr Int-2 Dex+9
                  | Slay-2}.
  1406 | D:2      | 1406 ||| READING scroll labelled ZUUCAZX FEMY.
  1407 | D:2      | 1407 ||| READING 2 scrolls labelled JISTRU IMIZIG.
  1411 | D:2      | 1411 ||| DRINKING 2 golden potions.
  1412 | D:2      | 1412 ||| DRINKING 2 viscous black potions.
  1497 | D:3      | Reached skill level 5 in Ranged Weapons
  1524 | D:3      | Noticed Robin
  1536 | D:3      | Killed Robin
  1546 | D:3      | Noticed Jessica
  1551 | D:3      | 1551 ||| READING scroll of teleportation.
  1555 | D:3      | Killed Jessica
  1556 | D:3      | Reached skill level 3 in Fighting
  1556 | D:3      | Reached XP level 5. HP: 45/45 MP: 5/5
  1717 | D:3      | Noticed Ijyb
  1730 | D:3      | HP: 10/45 [Ijyb/+0 club (7)]
  1731 | D:3      | 1731 ||| DRINKING potion of heal wounds.
  1744 | D:3      | Killed Ijyb
  1804 | D:3      | 1804 ||| SWAPPING to +0 antimagic sling.
  1805 | D:3      | 1805 ||| DROPPING +1 sling.
  1965 | D:3      | Found an iron altar of Okawaru.
  1966 | D:3      | 1966 ||| PLANNING OKAWARU WORSHIP
  1966 | D:3      | 1966 ||| UPGRADING to +0 ring mail.
  1976 | D:3      | 1976 ||| DROPPING +0 leather armour.
  1977 | D:3      | 1977 ||| DRINKING 2 bubbling orange potions.
  1987 | D:3      | Became a worshipper of Warmaster Okawaru
  1988 | D:3      | 1988 ||| PLANNING D:1-11
  2102 | D:4      | Reached skill level 1 in Armour
  2210 | D:4      | Reached skill level 6 in Ranged Weapons
  2210 | D:4      | Reached XP level 6. HP: 23/51 MP: 2/6
  2309 | D:4      | Noticed an orc warrior
  2330 | D:4      | HP: 11/51 [orc warrior/+0 scimitar (6)]
  2331 | D:4      | 2331 ||| DRINKING potion of heal wounds.
  2335 | D:4      | Slain by an orc warrior

Levels and vault maps discovered:
D:1:      dpeg_arrival_erosion, layout_rooms, kennysheep_doodads,
          serial_bayou_pond_b
D:2:      layout_rooms, serial_shops, shop
D:3:      layout_rooms, lemuel_tele_altar, minmay_gold_behind_fungi, hex_large,
          uniq_ijyb, uniq_robin, uniq_jessica
D:4:      layout_loops_corners

Skill      XL: |  1  2  3  4  5 |
---------------+----------------+-----
Ranged Weapons | 3 4 5 6 |  6.0
Fighting       | 2 3 |  3.6
Armour         | 1 |  1.3
Dodging        | |  2.1
Spellcasting   | |  1.0
Hexes          | |  2.0

Action                     |  1- 3 |  4- 6 || total
---------------------------+-------+-------++-------
  Melee: Unarmed           |       |     2 ||     2
   Fire: Sling             |   118 |   172 ||   290
    Use: Scroll            |     2 |     4 ||     6
         Potion            |       |     5 ||     5
 Armour: Robe              |     6 |     1 ||     7
         Leather armour    |       |    17 ||    17
         Ring mail         |       |    16 ||    16
  Dodge: Dodged            |    26 |    88 ||   114

Table legend:
 A = Non-vault XP
 B = Vault XP
 C = Vault XP percentage of total XP
 D = Non-vault monster count
 E = Vault monster count
 F = Vault count percentage of total count
                 A         B        C        D         E       F
            +---------+---------+-------+---------+---------+-------
      Total |     278 |     119 |  30.0 |      65 |      21 |  24.4
            +---------+---------+-------+---------+---------+-------
        D:1 |      65 |      10 |  13.3 |      28 |       6 |  17.6
        D:2 |      50 |       0 |   0.0 |      17 |       0 |   0.0
        D:3 |      43 |     109 |  71.7 |      13 |      15 |  53.6
        D:4 |     120 |       0 |   0.0 |       7 |       0 |   0.0
            +---------+---------+-------+---------+---------+-------
